 Dungeon Crawl Stone Soup version 0.23-a0-488-g5fd82c5 (webtiles) character file.

21268 MalarOregon the Impaler (level 12, -5/96 HPs)
             Began as a Merfolk Gladiator on Dec 1, 2018.
             Was a Priest of Ashenzari.
             Slain by a six-headed hydra (12 damage)
             ... on level 4 of the Lair of Beasts on Dec 2, 2018.
             The game lasted 00:44:11 (17686 turns).

MalarOregon the Impaler (Merfolk Gladiator)        Turns: 17686, Time: 00:44:12

Health: -5/96      AC:  9    Str: 26    XL:     12   Next: 88%
Magic:  22/22      EV: 19    Int: 11    God:    Ashenzari [***...]
Gold:   963        SH:  5    Dex: 16    Spells: 19/24 levels left

rFire    . . .     SeeInvis +   G - +1 trident (flame)
rCold    + + .     Gourm    .   (no shield)
rNeg     . . .     Faith    .   j - +2 ring mail {rC+}
rPois    .         Spirit   .   c - +0 helmet
rElec    .         Reflect  +   (no cloak)
rCorr    .         Harm     .   N - +0 pair of gloves (curse)
MR       .....                  (no boots)
Stlth    +.........             Z - +5 amulet of reflection
HPRegen  0.26/turn              y - +6 ring of strength (curse)
MPRegen  0.18/turn              o - ring of protection from cold

@: mighty
A: change form in water, swift swim, stealthy swim
a: Curse Item, Scrying, Renounce Religion


You were on level 4 of the Lair of Beasts.
You worshipped Ashenzari.
Ashenzari was most pleased with you.
You were not hungry.

You visited 3 branches of the dungeon, and saw 14 of its levels.
You also visited: Ossuary.

You collected 963 gold pieces.

Inventory:

Hand Weapons
 G - a +1 trident of flaming (weapon)
   (You took it off an orc on level 5 of the Dungeon)
Missiles
 H - 8 tomahawks of returning
 J - 11 tomahawks
 M - 8 javelins (quivered)
 Q - 3 throwing nets {!f}
Armour
 c - a +0 helmet (worn)
 j - a +2 ring mail of cold resistance (worn)
   (You found it on level 2 of the Dungeon)
 N - a cursed +0 pair of gloves (worn)
   (You found it on level 8 of the Dungeon)
 W - a +0 ring mail of fire resistance
   (You found it on level 2 of the Lair of Beasts)
Jewellery
 o - a ring of protection from cold (right hand)
   (You found it on level 2 of the Dungeon)
 u - an uncursed ring of positive energy
   (You found it on level 1 of the Lair of Beasts)
 y - a cursed +6 ring of strength (left hand)
   (You found it on level 3 of the Dungeon)
 z - an uncursed ring of wizardry
   (You found it on level 4 of the Dungeon)
 S - an uncursed ring of poison resistance
   (You found it on level 1 of the Lair of Beasts)
 Z - a +5 amulet of reflection (around neck)
   (You found it on level 3 of the Lair of Beasts)
Wands
 d - a wand of iceblast (19)
   (You found it on level 9 of the Dungeon)
 p - a wand of polymorph (3)
   (You took it off Duvessa on level 7 of the Dungeon)
 t - a wand of flame (22)
   (You found it on level 1 of the Lair of Beasts)
 x - a wand of acid (12)
   (You found it on level 6 of the Dungeon)
Scrolls
 f - 4 scrolls of immolation {!r}
 i - 2 scrolls of magic mapping
 l - 2 scrolls of blinking {unknown}
 m - 5 scrolls of amnesia {unknown}
 n - 3 scrolls of fear
 q - 7 scrolls of teleportation {@r4}
 w - a scroll of random uselessness {unknown}
 E - 3 scrolls of remove curse {@r2}
 O - a scroll of summoning {unknown}
 P - a scroll of noise {unknown}
 V - 2 scrolls of enchant weapon {unknown}
Potions
 b - a potion of invisibility {unknown}
 g - a potion of cancellation {unknown}
 h - 8 potions of might
 k - 6 potions of curing {@q1}
 r - 3 potions of flight
 s - 4 potions of lignification {!q}
 v - 2 potions of mutation {!q}
 A - 3 potions of brilliance
 B - 3 potions of haste {@q3}
 C - a potion of experience {unknown}
 D - a potion of resistance {unknown}
 L - 2 potions of ambrosia
 R - a potion of magic {unknown}
 T - 3 potions of heal wounds {@q2}
 X - a potion of agility {unknown}
Miscellaneous
 U - a phantom mirror
Comestibles
 a - 5 chunks of flesh
 e - 26 rations {!d}


   Skills:
 * Level 9.4 Fighting
 + Level 15.5 Polearms
 + Level 8.3 Throwing
 + Level 1.2 Armour
 * Level 11.5 Dodging
 + Level 6.9 Spellcasting
 + Level 9.9 Transmutations


You had 19 spell levels left.
You knew the following spells:

 Your Spells              Type           Power        Failure   Level  Hunger
a - Yara's Violent Unrav  Hex/Tmut       ##........   67%         5    ######.

Your spell library contained the following spells:

 Spells                   Type           Power        Failure   Level  Hunger
 Passwall                 Tmut/Erth      ##......     5%          2    ##.....
 Confusing Touch          Hex            #.....       26%         1    None
 Infusion                 Chrm           #...         26%         1    None
 Sandblast                Erth           #.....       26%         1    None
 Petrify                  Tmut/Erth      ##......     34%         4    ####...
 Corpse Rot               Necr           N/A          38%         2    ##.....
 Hydra Form               Tmut           ####......   56%         6    #######
 Confuse                  Hex            #.......     63%         3    ###....
 Gell's Gravitas          Tloc           #.........   63%         3    ###....
 Stone Arrow              Conj/Erth      #.....       63%         3    ###....
 Leda's Liquefaction      Hex/Erth       #.........   95%         4    ####...
 Bolt of Magma            Conj/Fire/Erth #.........   100%        5    ######.
 Excruciating Wounds      Chrm/Necr      #.........   100%        5    ######.
 Iskenderun's Battlesphe  Conj/Chrm      #.......     100%        5    ######.
 Lee's Rapid Deconstruct  Erth           #.........   100%        5    ######.
 Metabolic Englaciation   Hex/Ice        #.........   100%        5    ######.
 Summon Forest            Summ/Tloc      #.........   100%        5    ######.
 Venom Bolt               Conj/Pois      #.........   100%        5    ######.
 Iron Shot                Conj/Erth      #.........   100%        6    #######
 Orb of Destruction       Conj           #.........   100%        7    #######
 Ring of Flames           Chrm/Fire      #.........   100%        7    #######
 Spellforged Servitor     Conj/Summ      #.........   100%        7    #######
 Summon Hydra             Summ           #.........   100%        7    #######


Dungeon Overview and Level Annotations

Branches:
Dungeon (9/15)             Temple (1/1) D:4            Lair (4/6) D:9
 Shoals (0/4) Lair:4        Snake (0/4) Lair:2
    Orc: D:9-12

Altars:
Ashenzari
Cheibriados
Dithmenos
Elyvilon
Fedhas
Gozag
Hepliaklqana
Kikubaaqudgha
Makhleb
Nemelex Xobeh
Okawaru
Qazlal
Ru
Sif Muna
Trog
Uskayaw
Vehumet
Wu Jian
Xom
Yredelemnul
Zin
The Shining One

Shops:
D:6 =

Annotations:
Lair:2 exclusion: oklob plant


Message History

The six-headed hydra bites you! The six-headed hydra bites you.
The six-headed hydra bites you but does no damage.
You hit the six-headed hydra. You burn the six-headed hydra.
The six-headed hydra bites you! x2; The six-headed hydra bites you. x2
* * * LOW HITPOINT WARNING * * *
The six-headed hydra barely misses you.
The six-headed hydra bites you but does no damage.
Aim: a water moccasin (severely wounded, covered in acid)
The bolt of acid hits the six-headed hydra.
The six-headed hydra is splashed with acid.
The acid corrodes the six-headed hydra!
The bolt of acid hits the water moccasin.
The water moccasin is splashed with acid.
You kill the water moccasin!
The six-headed hydra bites you but does no damage.
The six-headed hydra misses you. The six-headed hydra bites you.
* * * LOW HITPOINT WARNING * * *
The six-headed hydra bites you.
* * * LOW HITPOINT WARNING * * *
The six-headed hydra barely misses you.
The six-headed hydra completely misses you.
Okay, then.
You feel sick.
You feel sick.
You feel sick.
You feel sick.
The six-headed hydra is no longer covered in acid.
You feel sick.
You feel sick.
You are no longer poisoned.
Aim: a six-headed hydra (lightly wounded)
The bolt of acid hits the six-headed hydra.
The six-headed hydra is splashed with acid.
The acid corrodes the six-headed hydra!
You feel very mighty all of a sudden. The six-headed hydra bites you!
* * * LOW HITPOINT WARNING * * *
The six-headed hydra bites you.
* * * LOW HITPOINT WARNING * * *
The six-headed hydra bites you.
* * * LOW HITPOINT WARNING * * *
The six-headed hydra bites you!
* * * LOW HITPOINT WARNING * * *
The six-headed hydra bites you!
* * * LOW HITPOINT WARNING * * *
The six-headed hydra barely misses you.
The six-headed hydra completely misses you.
You block the six-headed hydra's attack.
The six-headed hydra misses you. x2; The six-headed hydra bites you!
You die...

≈ ,* ##÷#+..# ...# * *
##.#.###.....###+#.## ,
#.....##......#.....# *,
#.....##.....##.....# * ##
.....#...8..#......# #...#
#..8.....t..#..8..# #...
*{#.................# #..##
*###.......8.......## #..)#
#.#D@............## ###..#
####.##..8..<..8..#### ###....#
#.##..##.........##..#
.......####.#....##...8...#....#
..##............####.....##P..##
####............# ##.+#####(..#
#.....#P..###..# #....## #..##
##....##### ,.## #.....# #..#
##...## *.# #8.>.8# #..#


You could see a six-headed hydra and a crocodile.

Vanquished Creatures
  A catoblepas (Lair:2)
  A hydra (Lair:2)
  12 elephants
  A black mamba (Lair:1)
  A rime drake (Lair:4)
  9 spiny frogs
  6 komodo dragons
  A hornet (D:8)
  9 blink frogs
  A hippogriff (Lair:1)
  Sigmund (D:8)
  8 yaks
  A vampire (D:6)
  6 wyverns
  A steam dragon (Lair:3)
  2 nagas (Lair:2)
  8 porcupines
  Duvessa (D:7)
  7 water moccasins
  2 orc warriors (D:6)
  A swamp drake (D:9)
  An ice beast (D:8)
  5 phantoms
  A sky beast (D:7)
  A black bear (D:6)
  2 ogres
  3 centaurs
  Blork the orc (D:5)
  8 crocodiles
  An elf zombie (Ossuary)
  2 big kobolds (D:8)
  5 bullfrogs
  Dowan (D:7)
  A wyvern skeleton (D:8)
  4 electric eels
  A howler monkey (D:6)
  9 crimson imps
  3 centaur zombies
  A quasit (D:8)
  4 hounds
  10 jellies
  2 centaur skeletons
  A human zombie (Ossuary)
  5 orc wizards
  3 orc priests
  A bullfrog skeleton (D:9)
  7 iguanas
  4 hell rats (Lair:1)
  9 worker ants
  A big kobold zombie (Ossuary)
  2 mummies (Ossuary)
  A howler monkey zombie (D:6)
  6 gnolls
  7 river rats (Lair:1)
  9 adders
  2 shadow imps
  6 oozes
  An adder zombie (Ossuary)
  3 adder skeletons
  A worm (D:3)
  A dart slug (D:1)
  5 leopard geckos
  27 orcs
  A ball python (D:5)
  4 giant cockroaches
  3 goblins
  9 hobgoblins
  5 jackals
  16 kobolds
  3 quokkas
  5 bats
  2 frilled lizards
  A goblin zombie (Ossuary)
  9 hobgoblin zombies (Ossuary)
  2 jackal skeletons
  2 jackal zombies (Ossuary)
  8 kobold zombies (Ossuary)
  9 orc zombies (Ossuary)
  2 quokka zombies
  11 rats
  2 rat zombies (Ossuary)
  A plant (Lair:3)
343 creatures vanquished.

Vanquished Creatures (others)
  6 fungi
  4 plants
10 creatures vanquished.

Grand Total: 353 creatures vanquished

Notes
Turn   | Place    | Note
-------+----------+-------------------------------------------
     0 | D:1      | MalarOregon the Merfolk Gladiator began the quest for the
                  | Orb.
     0 | D:1      | Reached XP level 1. HP: 16/16 MP: 1/1
   214 | D:1      | Reached XP level 2. HP: 2/23 MP: 2/2
   827 | D:1      | Reached skill level 5 in Polearms
  1007 | D:1      | Reached XP level 3. HP: 28/28 MP: 3/3
  1279 | D:2      | Found a faded altar of an unknown god.
  1461 | D:2      | Reached XP level 4. HP: 34/34 MP: 4/4
  2301 | D:3      | Reached skill level 6 in Polearms
  2680 | D:3      | Reached XP level 5. HP: 41/41 MP: 5/5
  3335 | D:4      | Noticed a phantom
  3482 | D:4      | Killed a phantom
  3482 | D:4      | Reached skill level 5 in Dodging
  3482 | D:4      | Reached skill level 1 in Spellcasting
  3482 | D:4      | Reached XP level 6. HP: 47/47 MP: 5/7
  3489 | D:4      | Learned a level 5 spell: Yara's Violent Unravelling
  3507 | D:4      | Reached skill level 7 in Polearms
  3527 | D:4      | Found a staircase to the Ecumenical Temple.
  3544 | Temple   | Entered the Ecumenical Temple
  3599 | Temple   | Became a worshipper of Ashenzari the Shackled
  3824 | D:4      | Reached skill level 1 in Transmutations
  4053 | D:4      | Noticed a phantom
  4063 | D:4      | Killed a phantom
  4063 | D:4      | Reached XP level 7. HP: 53/53 MP: 7/9
  4328 | D:5      | Entered Level 5 of the Dungeon
  4328 | D:5      | Found a sand-covered staircase.
  4333 | Ossuary  | Entered an ossuary
  4421 | Ossuary  | Reached skill level 8 in Polearms
  4754 | D:5      | Found an iron altar of Okawaru.
  4808 | D:5      | Reached XP level 8. HP: 61/61 MP: 11/11
  5026 | D:5      | Reached skill level 9 in Polearms
  5140 | D:5      | Noticed Blork the orc
  5162 | D:5      | Killed Blork the orc
  5245 | D:5      | Reached * piety under Ashenzari
  5510 | D:6      | Reached skill level 5 in Fighting
  5514 | D:6      | Noticed a vampire
  5555 | D:6      | Killed a vampire
  5930 | D:6      | Reached XP level 9. HP: 68/68 MP: 13/13
  6112 | D:6      | Found Nag Mio's Jewellery Shoppe.
  6171 | D:6      | Reached skill level 10 in Polearms
  6471 | D:6      | Reached skill level 5 in Throwing
  6808 | D:6      | Reached skill level 5 in Transmutations
  7280 | D:7      | Noticed Dowan
  7282 | D:7      | Noticed Duvessa
  7298 | D:7      | Killed Duvessa
  7302 | D:7      | Killed Dowan
  7302 | D:7      | Reached skill level 11 in Polearms
  7879 | D:8      | Noticed a hornet
  7886 | D:8      | Killed a hornet
  7968 | D:8      | Reached XP level 10. HP: 72/76 MP: 16/16
  8088 | D:8      | Found a snail-covered altar of Cheibriados.
  8168 | D:8      | Noticed Sigmund
  8197 | D:8      | Killed Sigmund
  8329 | D:8      | Identified the Handbook of Analysis
  8365 | D:8      | Reached skill level 12 in Polearms
  8658 | D:8      | Reached ** piety under Ashenzari
  8805 | D:8      | Found a hazy altar of Hepliaklqana.
 10542 | D:9      | Found a staircase to the Lair.
 10556 | D:9      | Reached skill level 5 in Spellcasting
 10579 | Lair:1   | Entered Level 1 of the Lair of Beasts
 10752 | Lair:1   | Noticed an elephant
 10778 | D:9      | Killed an elephant
 10778 | D:9      | Reached skill level 13 in Polearms
 10778 | D:9      | Reached XP level 11. HP: 38/84 MP: 18/18
 11686 | Lair:1   | HP: 4/85 [spiny frog (12)]
 12511 | Lair:1   | Reached skill level 14 in Polearms
 12511 | Lair:1   | Reached skill level 10 in Dodging
 13592 | Lair:2   | Reached XP level 12. HP: 49/94 MP: 21/21
 13888 | Lair:2   | Noticed a catoblepas
 13912 | Lair:2   | Killed a catoblepas
 14590 | Lair:2   | Found a staircase to the Snake Pit.
 14757 | Lair:2   | Noticed a seven-headed hydra
 14800 | Lair:2   | Killed a seven-headed hydra
 14800 | Lair:2   | Reached skill level 15 in Polearms
 16968 | Lair:4   | Reached *** piety under Ashenzari
 17277 | Lair:4   | Reached skill level 1 in Armour
 17631 | Lair:4   | Noticed a six-headed hydra
 17686 | Lair:4   | Slain by a six-headed hydra

Vault maps used:
D:1:      wander_arrival_estate
D:2:      chequers_ecumenical_altar_simple
D:3:      first_ration, hangedman_decor_points
D:4:      minmay_temple_entry_ruins
D:5:      lightli_ossuary_entry_decrepit_ruins, basic_altar,
          kennysheep_small_square, uniq_blork_the_orc
D:6:      serial_shops, nicolae_shop_waterfront
D:7:      serial_bayou, serial_bayou_shore_a, serial_bayou_pond_c,
          serial_bayou_shore_b, serial_bayou_pond_b, uniq_duvessa
D:8:      minmay_evil_eye, lemuel_coloured_pillars_altar, basic_altar,
          hangedman_little_slice_of_home, sigmund_army
D:9:      erik_lair_dragon
Temple:   minmay_crystal_snake_temple
Lair:1:   wander_river, kennysheep_abandoned_house
Lair:2:   guppyfry_snake_entry_island, minmay_lair_oklob_chamber
Lair:4:   elwin_shoals_entry_stream, grunt_megastairs_3
Ossuary:  ossuary_tomb_1

Skill      XL: |  1  2  3  4  5  6  7  8  9 10 11 12 |
---------------+-------------------------------------+-----
Polearms       | 5 6 7 8 9 11 13 14 15 | 15.5
Fighting       | 3 4 5 6 7 8 9 |  9.4
Throwing       | 3 4 5 6 7 8 |  8.3
Dodging        | 5 6 7 8 9 10 11 | 11.5
Spellcasting   | 1 2 3 4 5 6 |  6.9
Transmutations | 1 2 4 5 7 8 9 |  9.9
Armour         | 1 |  1.2

Action                   |  1- 3 |  4- 6 |  7- 9 | 10-12 || total
-------------------------+-------+-------+-------+-------++-------
Melee: Trident           |   113 |   159 |   494 |   813 ||  1579
       Tailslap          |       |       |       |     4 ||     4
Throw: Stone             |     7 |     5 |       |       ||    12
       Javelin           |       |     7 |    40 |    34 ||    81
       Tomahawk          |       |       |    29 |     5 ||    34
Invok: Curse Item        |       |     1 |     1 |       ||     2
Evoke: Wand              |       |     6 |     5 |    20 ||    31
  Use: Scroll            |     2 |     4 |     4 |     7 ||    17
       Potion            |       |       |     1 |     3 ||     4
 Stab: Sleeping          |       |     2 |       |       ||     2
       Paralysed         |       |    12 |    12 |       ||    24
  Eat: Chunk             |     2 |     6 |    12 |    23 ||    43
       Ration            |       |     1 |       |     2 ||     3
Armor: Leather armour    |    20 |    16 |       |       ||    36
       Ring mail         |       |     7 |   109 |    92 ||   208
       Skin              |       |       |    27 |       ||    27
Dodge: Dodged            |    62 |   113 |   240 |   352 ||   767
Block: Other             |       |       |     2 |    71 ||    73
       Reflection        |       |       |       |     4 ||     4

Table legend:
 A = Non-vault XP
 B = Vault XP
 C = Vault XP percentage of total XP
 D = Non-vault monster count
 E = Vault monster count
 F = Vault count percentage of total count
                 A         B        C        D         E       F
            +---------+---------+-------+---------+---------+-------
      Total |   25196 |    5188 |  17.1 |     254 |      88 |  25.7
            +---------+---------+-------+---------+---------+-------
        D:1 |      38 |       0 |   0.0 |      19 |       0 |   0.0
        D:2 |      71 |       0 |   0.0 |      20 |       0 |   0.0
        D:3 |      67 |       0 |   0.0 |      19 |       0 |   0.0
        D:4 |     665 |       0 |   0.0 |      12 |       0 |   0.0
        D:5 |     611 |     233 |  27.6 |      18 |       3 |  14.3
        D:6 |    1153 |       0 |   0.0 |      24 |       0 |   0.0
        D:7 |     714 |     269 |  27.4 |      22 |       3 |  12.0
        D:8 |    1649 |     542 |  24.7 |      40 |      14 |  25.9
        D:9 |    3194 |    1303 |  29.0 |      17 |       6 |  26.1
     Lair:1 |    4541 |     436 |   8.8 |      15 |      17 |  53.1
     Lair:2 |    6156 |    1516 |  19.8 |      19 |       4 |  17.4
     Lair:3 |    1867 |       0 |   0.0 |      10 |       0 |   0.0
     Lair:4 |    4470 |     602 |  11.9 |      19 |       3 |  13.6
    Ossuary |       0 |     287 | 100.0 |       0 |      38 | 100.0
            +---------+---------+-------+---------+---------+-------
